 Dungeon Crawl Stone Soup version 0.22-a0-284-g99d1f74 (webtiles) character file.

42 mhoghedin the Conjurer (level 3, 26/26 HPs)
             Began as a Demigod Conjurer on Mar 20, 2018.
             Quit the game on level 2 of the Dungeon.
             The game lasted 00:02:12 (1333 turns).

mhoghedin the Conjurer (Demigod Conjurer)           Turns: 1333, Time: 00:02:12

Health: 26/26      AC:  2    Str: 11    XL:     3   Next: 17%
Magic:  5/8        EV: 12    Int: 21    God:
Gold:   30         SH:  0    Dex: 16    Spells: 2/5 levels left

rFire    . . .     SeeInvis .   d - +0 dagger
rCold    . . .     Gourm    +   (no shield)
rNeg     . . .     Faith    .   a - +0 robe
rPois    .         Spirit   .   (no helmet)
rElec    .         Reflect  .   (no cloak)
rCorr    .         Harm     .   (no gloves)
MR       .....                  (no boots)
Stlth    ++........             b - amulet of the gourmand {Gourm, !d}
HPRegen  0.08/turn              (no ring)
MPRegen  0.11/turn              (no ring)

@: very slightly contaminated
A: high mp 1
a: no special abilities


You were on level 2 of the Dungeon.
You were not hungry.

You visited 1 branch of the dungeon, and saw 2 of its levels.

You collected 30 gold pieces.

Inventory:

Hand Weapons
 d - a +0 dagger (weapon)
   (You found it on level 1 of the Dungeon)
Armour
 a - a +0 robe (worn)
Jewellery
 b - an amulet of the gourmand (around neck) {Gourm, !d}
   (You found it on level 1 of the Dungeon)
Scrolls
 f - a scroll of fear {unknown}
 g - 2 scrolls of remove curse {unknown}
 i - a scroll of amnesia {unknown}
Potions
 e - a potion of might {unknown}
 h - a potion of degeneration {unknown}
 j - a potion of brilliance {unknown}
 k - a potion of resistance {unknown}
Comestibles
 c - 3 rations
 l - a chunk of flesh {@w0}


   Skills:
 - Level 1.7 Dodging
 - Level 1.7 Stealth
 - Level 1.7 Spellcasting
 + Level 4.7 Conjurations


You had 2 spell levels left.
You knew the following spells:

 Your Spells              Type           Power        Failure   Level  Hunger
a - Magic Dart            Conj           ###.         2%          1    #......
b - Searing Ray           Conj           ###...       3%          2    ###....


Dungeon Overview and Level Annotations

Branches:
Dungeon (2/15)


Innate Abilities, Weirdness & Mutations

You have an increased reservoir of magic. (+10% MP)


Message History

You butcher the giant cockroach corpse.
k - a chunk of flesh {@w0} You start resting.
Eating a chunk of flesh {@w0}.
You eat the chunk of flesh {@w0}.
This raw flesh tastes great.
MP restored: 8
Found a stone staircase leading down.
Found an escape hatch in the floor.
You now have 15 gold pieces (gained 10).
You can't see any susceptible monsters within range! (Use Z to cast anyway.) Unknown command.
You now have 30 gold pieces (gained 15).
A goblin comes into view.
A goblin is nearby!
A goblin is nearby!
Aim: a goblin (resting)
The magic dart hits the goblin.
You kill the goblin!
You now have 7/8 mp.
You can't see any susceptible monsters within range! (Use Z to cast anyway.) Unknown command.
A hobgoblin comes into view.
The hobgoblin shouts!
MP restored: 8 A hobgoblin is nearby!
A hobgoblin is nearby!
Aim: a hobgoblin The magic dart hits the hobgoblin.
You kill the hobgoblin!
You now have 7/8 mp.
You can't see any susceptible monsters within range! (Use Z to cast anyway.) Unknown command.
You see here 22 stones.
You see here a hobgoblin corpse.
You see here a hobgoblin corpse.
You see here 22 stones.
There is a stone staircase leading down here.
There is an open door here.
You see here a hand axe.
You see here a plate armour.
There is an open door here.
Done exploring.
Done exploring.
Done exploring.
MP restored: 8
Okay, then.
Unknown command.
(D) Dungeon
Where to? (? - help)
There is an open door here.
You see here a plate armour.
You see here a club.
There is a stone staircase leading down here.
You climb downwards.
There is a stone staircase leading up here.
A hobgoblin comes into view. It is wielding a club.
A hobgoblin is nearby!
A hobgoblin is nearby!
Aim: a hobgoblin, wielding a club (resting)
The magic dart hits the hobgoblin.
The hobgoblin shouts!
You now have 7/8 mp.
Aim: a hobgoblin, wielding a club (heavily wounded)
The magic dart hits the hobgoblin.
You kill the hobgoblin!
You now have 6/8 mp.
A rat comes into view.
A rat is nearby!
A rat is nearby!
Aim: a rat (hasn't noticed you)
The magic dart hits the rat.
You kill the rat!
You now have 5/8 mp.
You can't see any susceptible monsters within range! (Use Z to cast anyway.) Unknown command.
k - a fuming purple potion
Found a stone staircase leading down.
A rat comes into view.
Found a stone staircase leading up.
MP restored: 8
Aim: a rat (resting)
The magic dart hits the rat.
You now have 7/8 mp.
Aim: a rat You miscast Magic Dart.
You are very lightly contaminated with residual magic.
Nothing appears to happen.
You now have 6/8 mp.
Aim: a rat The magic dart hits the rat.
You now have 5/8 mp.
Aim: a rat (heavily wounded)
The magic dart hits the rat.
You kill the rat!
You now have 4/8 mp.
You see here a rat corpse.
You butcher the rat corpse.
l - a chunk of flesh {@w0} Unknown command.
Unknown command.
Unknown command.

####
.<#
#.#
#@#
#.#
#.#
#.#
#.#
#.#
#.#
#.#
#.#


There were no monsters in sight!

Vanquished Creatures
  An ooze (D:1)
  3 leopard geckos (D:1)
  A ball python (D:1)
  2 giant cockroaches (D:1)
  4 goblins (D:1)
  6 hobgoblins
  3 kobolds (D:1)
  4 bats (D:1)
  A frilled lizard (D:1)
  6 rats
31 creatures vanquished.

Notes
Turn   | Place    | Note
-------+----------+-------------------------------------------
     0 | D:1      | mhoghedin the Demigod Conjurer began the quest for the Orb.
     0 | D:1      | Reached XP level 1. HP: 14/14 MP: 5/5
   337 | D:1      | Reached skill level 4 in Conjurations
   447 | D:1      | Reached XP level 2. HP: 20/20 MP: 1/7
   591 | D:1      | Learned a level 2 spell: Searing Ray
   843 | D:1      | Reached XP level 3. HP: 26/26 MP: 4/8
  1333 | D:2      | Quit the game

Vault maps used:
D:1:      sevenhm_arrival_forest_fort_small_4
D:2:      kennysheep_slug_shrine

Skill      XL: |  1 |
---------------+----+-----
Conjurations   | 4 |  4.7
Dodging        | |  1.7
Stealth        | |  1.7
Spellcasting   | |  1.7

Action                   || total
-------------------------++-------
Melee: Unarmed           ||     2
       Dagger            ||     8
 Cast: Magic Dart        ||    63
  Eat: Chunk             ||     4
Armor: Robe              ||     2
Dodge: Dodged            ||    16

Table legend:
 A = Spawn XP
 B = Non-spawn XP
 C = Spawn XP percentage of total XP
 D = Spawn monster count
 E = Non-spawn monster count
 F = Spawn count percentage of total count
 G = Total turns spent on level
                    A         B        C        D         E        F      G
               +---------+---------+-------+---------+---------+-------+---------
         Total |       0 |      60 |   0.0 |       0 |      31 |   0.0 |  1333
               +---------+---------+-------+---------+---------+-------+---------
           D:1 |       0 |      56 |   0.0 |       0 |      28 |   0.0 |  1256
           D:2 |       0 |       4 |   0.0 |       0 |       3 |   0.0 |    77
               +---------+---------+-------+---------+---------+-------+---------

Vault maps used:
D:1:      sevenhm_arrival_forest_fort_small_4
D:2:      kennysheep_slug_shrine

Table legend:
 A = Turns spent in this place as a percentage of turns spent in the entire game.
 B = Non-inter-level travel turns spent in this place as a percentage of non-inter-level travel turns spent in the entire game.
 C = Inter-level travel turns spent in this place as a percentage of turns spent in this place.
 D = Turns resting spent in this place as a percentage of non-inter-level travel turns spent in this place.
 E = Turns spent auto-exploring this place as a percentage of non-inter-level travel turns spent in this place.
 F = Non-inter-level travel turns spent in this place divided by the number of levels of this place that you've seen.
                   A       B       C       D       E      F
               +-------+-------+-------+-------+-------+----------------------
         Total | 100.0 | 100.0 |   4.6 |  28.9 |  58.6 | 636.0
       Dungeon | 100.0 | 100.0 |   4.6 |  28.9 |  58.6 | 636.0
               +-------+-------+-------+-------+-------+----------------------

Table legend:
 A = Kills in this place as a percentage of kills in entire the game.
 B = Kills by you in this place as a percentage of kills by you in the entire game.
 C = Kills by friends in this place as a percentage of kills by friends in the entire game.
 D = Other kills in this place as a percentage of other kills in the entire game.
 E = Experience gained in this place as a percentage of experience gained in the entire game.
 F = Experience gained in this place divided by the number of levels of this place that you have seen.
                   A       B       C       D       E      F
               +-------+-------+-------+-------+-------+----------------------
         Total | 100.0 | 100.0 |   N/A |   N/A | 100.0 |  30.0
       Dungeon | 100.0 | 100.0 |   N/A |   N/A | 100.0 |  30.0
               +-------+-------+-------+-------+-------+----------------------
